 Dungeon Crawl Stone Soup version 0.26-a0-812-g31a745ddcd (webtiles) character file.

Game seed: 12905820939673309558

12 Dracia the Conjurer (level 2, -1/20 HPs)
             Began as a Draconian Conjurer on Dec 7, 2020.
             Slain by a leopard gecko (3 damage)
             ... on level 1 of the Dungeon.
             The game lasted 00:00:30 (582 turns).

Dracia the Conjurer (Draconian Conjurer)             Turns: 582, Time: 00:00:31

Health: -1/20      AC:  4    Str:  9    XL:     2   Next: 20%
Magic:  4/5        EV: 12    Int: 18    God:
Gold:   0          SH:  0    Dex:  9    Spells: 4/5 levels left

rFire    . . .     SeeInvis .   (no weapon)
rCold    . . .     Faith    .   (no shield)
rNeg     . . .     Spirit   .   (armour unavailable)
rPois    .         Reflect  .   (helmet restricted)
rElec    .         Harm     .   (no cloak)
rCorr    .         Rampage  .   (no gloves)
MR       .....                  (no boots)
Stlth    ++........             (no amulet)
HPRegen  0.06/turn              (no ring)
MPRegen  0.09/turn              (no ring)

@: no status effects
A: unfitting armour, cold-blooded, AC +4
a: no special abilities


You were on level 1 of the Dungeon.
You visited 1 branch of the dungeon, and saw 1 of its levels.


Innate Abilities, Weirdness & Mutations

Your plain brown scales are hard. (AC +4)
You cannot fit into any form of body armour.
You are cold-blooded and may be slowed by cold attacks.


   Skills:
 - Level 1.7 Dodging
 - Level 1.7 Stealth
 + Level 2.4 Spellcasting
 + Level 4.3 Conjurations


You had 4 spell levels left.
You knew the following spells:

 Your Spells              Type           Power        Failure   Level
z - Magic Dart            Conj           ###.         3%          1

Your spell library contained the following spells:

 Spells                   Type           Power        Failure   Level
 Searing Ray              Conj           ###...       4%          2
 Dazzling Flash           Conj/Hex       #.....       22%         3
 Fulminant Prism          Conj/Hex       #.........   56%         4
 Iskenderun's Mystic Bla  Conj/Tloc      #.......     56%         4

Inventory:

Scrolls
 a - a scroll of fear {unknown}
Potions
 b - a potion of might {unknown}

Dungeon Overview and Level Annotations

Branches:
Dungeon (1/15)

Altars:

†#...#...#...#...#.##
..#...#...#...#....# #
#...#...#...#...#....
..#
..#...#...#...#....##
#..#...#...#.(.#.....##
###..#...#...#.....###
#......#h..#..######
#.##..#.l#†.###
.....###@###
#.#...###.#### #
#..........#
....######.# ..... #.#
##.... #.# #.# #.# #.#


You could see a leopard gecko and a jackal.


Message History

The leopard gecko is moderately wounded.
The leopard gecko completely misses you.
You miss the leopard gecko.
The leopard gecko is moderately wounded.
The leopard gecko closely misses you.
You hit the leopard gecko but do no damage.
The leopard gecko is moderately wounded.
The leopard gecko bites you.
* * * LOW HITPOINT WARNING * * *
The leopard gecko barely misses you.
You barely miss the leopard gecko.
The leopard gecko is moderately wounded.
The leopard gecko bites you but does no damage.
You hit the leopard gecko but do no damage.
The leopard gecko is moderately wounded.
The leopard gecko misses you.
You barely miss the leopard gecko.
The leopard gecko is moderately wounded.
The leopard gecko misses you.
A hobgoblin comes into view. It is wielding a +0 club.
You miss the leopard gecko.
The leopard gecko is moderately wounded.
The leopard gecko bites you but does no damage.
You barely miss the leopard gecko.
The leopard gecko is moderately wounded.
The leopard gecko closely misses you. The leopard gecko misses you.
You barely miss the leopard gecko.
The leopard gecko is moderately wounded.
The leopard gecko bites you.
You die...

Action                   || total
-------------------------++-------
Melee: Unarmed           ||    46
       Tailslap          ||     3
 Cast: Magic Dart        ||    18
Armor: Skin              ||    12
Dodge: Dodged            ||    29

Levels and vault maps discovered:
D:1:      eino_arrival_tree_alley, layout_loops_corners, hex_large,
          grunt_decor_resistance

Notes
Turn   | Place    | Note
-------+----------+-------------------------------------------
     0 | D:1      | Dracia the Draconian Conjurer began the quest for the Orb.
     0 | D:1      | Reached XP level 1. HP: 14/14 MP: 3/3
   449 | D:1      | Reached XP level 2. HP: 20/20 MP: 3/5
   576 | D:1      | HP: 2/20 [leopard gecko (4)]
   582 | D:1      | Slain by a leopard gecko

Vanquished Creatures
  A dart slug (D:1)
  A giant cockroach (D:1)
  A goblin (D:1)
  A hobgoblin (D:1)
  3 jackals (D:1)
  A bat (D:1)
  A frilled lizard (D:1)
9 creatures vanquished.

Table legend: (Time is in decaauts)
 A = Elapsed time spent in this place.
 B = Non-inter-level travel time spent in this place.
 C = Inter-level travel time spent in this place.
 D = Time resting spent in this place.
 E = Time spent auto-exploring this place.
 F = Levels seen in this place.
 G = Mean time per level.
                   A        B        C        D        E       F      G
               +--------+--------+--------+--------+--------+-----+--------+
         Total |    582 |    582 |      0 |    239 |    259 |   1 |  582.0 |
       Dungeon |    582 |    582 |      0 |    239 |    259 |   1 |  582.0 |
               +--------+--------+--------+--------+--------+-----+--------+

Top non-repeatable levels by time:
     D:1: 582 daAuts

Table legend:
 A = Non-vault XP
 B = Vault XP
 C = Vault XP percentage of total XP
 D = Non-vault monster count
 E = Vault monster count
 F = Vault count percentage of total count
                 A         B        C        D         E       F
            +---------+---------+-------+---------+---------+-------
      Total |      18 |       0 |   0.0 |       9 |       0 |   0.0
            +---------+---------+-------+---------+---------+-------
        D:1 |      18 |       0 |   0.0 |       9 |       0 |   0.0
            +---------+---------+-------+---------+---------+-------
